 Dungeon Crawl Stone Soup version 0.29-a0-330-g52719c12eb (webtiles) character file.

Game seed: 7409995614194107039

10334 kae the Arsonist (level 11, -8/74 HPs)
             Began as a Demigod Fire Elementalist on Apr 28, 2022.
             Killed by an exploding Urug (49 damage)
             ... ignited by their inner flame
             ... on level 11 of the Dungeon.
             The game lasted 00:13:37 (17549 turns).

kae the Arsonist (Demigod Fire Elementalist)       Turns: 17549, Time: 00:13:38

Health: -8/74      AC:  7    Str:  9    XL:     11   Next: 13%
Magic:  25/37      EV: 12    Int: 29    God:
Gold:   415        SH: 10    Dex: 20    Spells: 15/28 levels left

rFire   . . .      SeeInvis .   o - +2 long sword (venom)
rCold   . . .      Faith    .   D - +1 buckler
rNeg    + . .      Spirit   .   u - +2 robe {rN+}
rPois   .          Reflect  +   (no helmet)
rElec   .          Harm     .   n - +0 cloak
rCorr   .          Rampage  .   i - +0 pair of gloves
Will    +....                   B - +0 pair of boots
Stlth   ++........              C - amulet of reflection
HPRegen 0.22/turn               e - +6 ring of dexterity
MPRegen 0.25/turn               g - ring of magical power

@: studying Polearms
A: high MP 1, forlorn, divine attributes
a: no special abilities


You were on level 11 of the Dungeon.
You visited 1 branch of the dungeon, and saw 11 of its levels.
You also visited: Ossuary.

You collected 597 gold pieces.
You spent 182 gold pieces at shops.

Inventory:

Hand Weapons
 o - a +2 long sword of venom (weapon)
Armour
 i - a +0 pair of gloves (worn)
 n - a +0 cloak (worn)
 u - a +2 robe of positive energy (worn)
 B - a +0 pair of boots (worn)
 D - a +1 buckler (worn)
Jewellery
 e - a +6 ring of dexterity (left hand)
 f - an amulet of guardian spirit
 g - a ring of magical power (right hand)
 C - an amulet of reflection (around neck)
Wands
 s - a wand of polymorph (4)
 z - a wand of paralysis (6)
 J - a wand of mindburst (9)
 K - a wand of acid (1)
Scrolls
 a - 11 scrolls of identify
 j - 4 scrolls of immolation
 l - 3 scrolls of enchant weapon
 q - a scroll of magic mapping
 y - a scroll of fog
 A - 2 scrolls of amnesia
 F - 4 scrolls of teleportation
 H - a scroll of enchant armour
 I - 2 scrolls of blinking
Potions
 b - a potion of magic
 c - 3 potions of haste
 d - 4 potions of attraction
 h - 3 potions of ambrosia
 k - 3 potions of might
 m - a potion of degeneration
 p - 5 potions of heal wounds
 r - 4 potions of invisibility
 t - a potion of resistance
 v - 2 potions of lignification
 w - 2 potions of berserk rage
 x - 4 potions of mutation
 E - 5 potions of curing
 G - 3 potions of brilliance
 L - a potion of flight
 M - 2 potions of cancellation {unknown}


   Skills:
 - Level 1.7 Dodging
 - Level 1.7 Stealth
 + Level 9.0 Spellcasting
 + Level 9.6 Conjurations
 + Level 10.0 Fire Magic


You had 15 spell levels left.
You knew the following spells:

 Your Spells              Type           Power      Damage    Failure   Level
a - Foxfire               Conj/Fire      100%       2x1d9     1%          1
b - Scorch                Fire           100%       2d10      1%          2
c - Conjure Flame         Conj/Fire      63%        6-21      1%          3
d - Inner Flame           Hex/Fire       42%        N/A       2%          3
e - Flame Wave            Conj/Fire      63%        2d12      1%          4

Your spell library contained the following spells:

 Spells                   Type           Power      Damage    Failure   Level
 Magic Dart               Conj           100%       1d8       1%          1
 Shock                    Conj/Air       100%       1d9       1%          1
 Searing Ray              Conj           100%       2d8       1%          2
 Stone Arrow              Conj/Erth      82%        3d12      2%          3
 Summon Small Mammal      Summ           52%        N/A       5%          1
 Fulminant Prism          Conj/Hex       20%        3d13      8%          4
 Blink                    Tloc           26%        N/A       9%          2
 Sublimation of Blood     Necr           13%        N/A       9%          2
 Confusing Touch          Hex            13%        N/A       17%         3
 Lesser Beckoning         Tloc           13%        N/A       17%         3
 Swiftness                Air            13%        N/A       17%         3
 Irradiate                Conj/Tmut      20%        3d20      22%         5
 Airstrike                Air            6%         N/A       50%         4
 Animate Armour           Summ/Erth      26%        N/A       50%         4
 Petrify                  Tmut/Erth      13%        N/A       50%         4
 Alistair's Intoxication  Tmut/Pois      8%         N/A       83%         5
 Borgnjor's Vile Clutch   Necr/Erth      6%         N/A       83%         5
 Manifold Assault         Tloc           13%        N/A       83%         5
 Yara's Violent Unravell  Hex/Tmut       6%         3d5       83%         5
 Eringya's Noxious Bog    Tmut/Pois      6%         N/A       100%        6
 Enfeeble                 Hex            6%         N/A       100%        7
 Lehudib's Crystal Spear  Conj/Erth      20%        10d6      100%        8
 Chain Lightning          Conj/Air       20%        3d27      100%        9
 Fire Storm               Conj/Fire      31%        8d8       100%        9
 Shatter                  Erth           6%         3d9*      100%        9


Dungeon Overview and Level Annotations

Branches:
Dungeon (11/15)            Temple (0/1) D:5            Lair (0/6) D:8
Ossuary (visited)
    Orc: D:9-12

Shops:
D:5 (=!*=   D:6 [   D:9 *

Annotations:
D:8 5 transporters
D:11 3 runed translucent doors, robertstho's ghost, journeyman DEFE


Innate Abilities, Weirdness & Mutations

You have an increased reservoir of magic. (+10% MP)
You shall have no god before yourself.
Your divine heritage dramatically boosts your attributes as you level up.


Message History

Press: ? - help, Dir - move target, f/p - Urug
Aim: Urug, wielding a +5 scimitar of holy wrath, wearing a +3 chain mail of poison resistance and quivering javelins (chance to affect: 80%) Urug is filled with an inner flame.
Casting: Inner Flame (mildly dangerous; 2% risk of failure)
Confirm with . or Enter, or press ? or * to list all spells.
You conjure some foxfire!
The foxfire hits Urug but does no damage.
Casting: Foxfire (safe; 1% risk of failure)
Confirm with . or Enter, or press ? or * to list all spells.
You conjure some foxfire!
Casting: Foxfire (safe; 1% risk of failure)
Confirm with . or Enter, or press ? or * to list all spells.
You conjure some foxfire!
The foxfire hits Urug but does no damage.
Your foxfire dissipates!
The foxfire hits Urug but does no damage.
Casting: Foxfire (safe; 1% risk of failure)
Confirm with . or Enter, or press ? or * to list all spells.
Flames lash Urug.
Flame seeps out of Urug.
Urug is lightly wounded.
Urug's fire resistance burns away.
Urug is engulfed in blazing flames.
Flame seeps out of Urug.
Urug hits you with a +5 scimitar of holy wrath!!
Urug hits you with a +5 scimitar of holy wrath!
Casting: Scorch (safe; 1% risk of failure)
Confirm with . or Enter, or press ? or * to list all spells.
Flames lash Urug but do no damage.
Urug is engulfed in blazing flames.
Flame seeps out of Urug.
You block Urug's attack. You block Urug's attack.
Casting: Scorch (safe; 1% risk of failure)
Confirm with . or Enter, or press ? or * to list all spells.
Flames lash Urug.
Urug is burned terribly!
Flame seeps out of Urug.
Urug is severely wounded.
Urug is engulfed in blazing flames.
Flame seeps out of Urug.
Urug barely misses you.
Urug is engulfed in blazing flames.
Urug explodes!
The fiery explosion engulfs you!!!
Ouch! That really hurt!
You die...

#.####..##.........
#..................
#.###..........o... #.#
##...##........# #.#
#...##........). #.#
#...............
#####'####...............
#.......##...............
#.......@○§..............
#.......##.....[)........
#.......###.###......'.#
#.......# #...##..)..#..
#.......# ###..#...>.#
#.......# ##.'..[[.#
###'##### ###).)..# ###.#
##|#### # #...#
##[##.#.#.


There were no monsters in sight!

Vanquished Creatures
  2 two-headed ogres
  Urug (D:11)
  Sonja (D:10)
  A manticore (D:11)
  A gargoyle (D:11)
  An unseen horror (D:11)
  3 trolls
  A hornet (D:7)
  Grinder (D:3)
  A vampire (D:10)
  Sigmund (D:5)
  A shadow (D:11)
  2 wraiths
  A wyvern (D:9)
  3 steam dragons
  An acid dragon (D:11)
  A water moccasin (D:7)
  A hornet zombie (Ossuary)
  A sky beast (D:7)
  A black bear (D:5)
  4 ice beasts
  5 orc warriors
  4 ogres
  3 centaurs
  2 phantoms
  3 kobold brigands
  4 bullfrogs
  2 necrophages
  2 wyvern zombies (Ossuary)
  A scorpion (D:6)
  A water moccasin zombie (Ossuary)
  4 wights (D:7)
  5 killer bees
  4 howler monkeys
  6 centaur zombies (Ossuary)
  4 bullfrog zombies (Ossuary)
  11 orc priests
  3 gnoll shamans
  A hound (D:6)
  2 jellies
  An iguana (D:5)
  Natasha (thrice) (D:2)
  14 orc wizards
  11 mummies (Ossuary)
  5 howler monkey zombies (Ossuary)
  20 gnolls
  8 adders
  3 white imps
  An ufetubus (D:7)
  4 worms
  3 dart slugs
  59 orcs
  10 ball pythons
  5 bats
  7 endoplasms
  4 giant cockroaches
  11 goblins
  6 hobgoblins
  18 kobolds
  7 quokkas
  A frilled lizard (D:2)
  A goblin zombie (D:8)
  A quokka zombie (D:8)
  4 rats (D:3)
304 creatures vanquished.

Vanquished Creatures (collateral kills)
  4 foxfires (D:3)
4 creatures vanquished.

Vanquished Creatures (others)
  895 foxfires
  7 withered plants (Ossuary)
902 creatures vanquished.

Grand Total: 1210 creatures vanquished

Notes
Turn   | Place    | Note
-------+----------+-------------------------------------------
     0 | D:1      | kae the Demigod Fire Elementalist began the quest for the
                  | Orb.
     0 | D:1      | Reached XP level 1. HP: 14/14 MP: 5/5
    85 | D:1      | Reached skill level 1 in Conjurations
   961 | D:1      | Reached XP level 2. HP: 17/20 MP: 2/7
   964 | D:1      | Learned a level 2 spell: Scorch
  1099 | D:1      | Reached skill level 3 in Fire Magic
  1852 | D:2      | Reached XP level 3. HP: 8/26 MP: 0/9
  2331 | D:2      | Noticed Natasha
  2581 | D:2      | Killed Natasha
  2927 | D:2      | Reached XP level 4. HP: 33/33 MP: 5/10
  3001 | D:2      | Learned a level 3 spell: Conjure Flame
  3144 | D:2      | Noticed Natasha
  3147 | D:2      | Killed Natasha
  3252 | D:2      | Noticed Natasha
  3255 | D:2      | Killed Natasha
  3704 | D:3      | Reached XP level 5. HP: 38/38 MP: 5/12
  4047 | D:3      | Noticed Grinder
  4055 | D:3      | Paralysed by Grinder for 2 turns
  4060 | D:3      | Paralysed by Grinder for 7 turns
  4069 | D:3      | Killed Grinder
  4070 | D:3      | Reached skill level 4 in Fire Magic
  4070 | D:3      | Reached XP level 6. HP: 22/45 MP: 2/14
  4498 | D:3      | Got Plato's Reference Book on the Escort
  4892 | D:4      | Learned a level 3 spell: Inner Flame
  5593 | D:4      | Found Irej's Antique Armour Emporium.
  6018 | D:5      | Entered Level 5 of the Dungeon
  6026 | D:5      | Reached skill level 5 in Fire Magic
  6026 | D:5      | Reached XP level 7. HP: 35/50 MP: 5/16
  6188 | D:5      | Found Archeb's Jewellery Emporium.
  6214 | D:4      | HP: 1/50 [killer bee (6)]
  6511 | D:5      | Learned a level 4 spell: Flame Wave
  6516 | D:5      | Noticed Sigmund
  6525 | D:5      | Killed Sigmund
  6850 | D:5      | Found Namiymel's Distillery.
  6858 | D:5      | Bought a potion of heal wounds for 70 gold pieces
  6858 | D:5      | Bought a potion of lignification for 42 gold pieces
  6858 | D:5      | Bought a potion of berserk rage for 70 gold pieces
  6984 | D:5      | Reached skill level 5 in Conjurations
  7108 | D:5      | Found Kuaneimu's Jewellery Shop.
  7148 | D:5      | Reached skill level 5 in Spellcasting
  7148 | D:5      | Reached XP level 8. HP: 57/57 MP: 10/19
  7219 | D:5      | Found Plog's Assorted Antiques.
  7533 | D:5      | Reached skill level 6 in Fire Magic
  7637 | D:5      | Found a staircase to the Ecumenical Temple.
  7645 | D:5      | Found Rikuil's Antique Weapon Shoppe.
  8942 | D:6      | Reached skill level 7 in Fire Magic
  8986 | D:6      | Reached XP level 9. HP: 20/62 MP: 0/22
  9397 | D:6      | Found Omefrini's Armour Boutique.
  9928 | D:7      | Paralysed by a hornet for 1 turns
 11079 | D:7      | Reached skill level 8 in Fire Magic
 11590 | D:8      | Found a transporter.
 11591 | D:8      | Found a transporter.
 11613 | D:8      | Found a transporter.
 11614 | D:8      | Found a transporter.
 11781 | D:8      | Found a sand-covered staircase.
 11826 | Ossuary  | Entered an ossuary
 12441 | Ossuary  | Reached XP level 10. HP: 63/69 MP: 25/25
 13001 | D:8      | Found a transporter.
 13223 | D:8      | Found a transporter.
 13480 | D:8      | Found a staircase to the Lair.
 14198 | D:9      | Noticed a two-headed ogre
 14840 | D:9      | Killed a two-headed ogre
 14841 | D:9      | Reached skill level 9 in Fire Magic
 14973 | D:9      | Found Gick's Gadget Gallery.
 15183 | D:10     | Entered Level 10 of the Dungeon
 15183 | D:10     | Noticed Sonja
 15193 | D:10     | Killed Sonja
 15319 | D:10     | Noticed a two-headed ogre
 15335 | D:10     | Killed a two-headed ogre
 16342 | D:11     | Found a runed translucent gate.
 16342 | D:11     | Found a runed translucent gate.
 16342 | D:11     | Found a runed translucent gate.
 16348 | D:11     | Noticed robertstho's ghost (journeyman DEFE)
 16394 | D:11     | Reached XP level 11. HP: 25/74 MP: 15/28
 16627 | D:11     | Noticed Urug
 17360 | D:11     | Reached skill level 10 in Fire Magic
 17549 | D:11     | Killed Urug
 17549 | D:11     | Killed by an exploding Urug... ignited by their inner flame

Illustrated notes

Levels and vault maps discovered:
D:1:      nicolae_arrival_somewhat_less_tricky_arrival, layout_loops_corners,
          serial_bayou_pond_d, bh_walls_and_bars
D:2:      layout_loops_ring, uniq_natasha
D:3:      layout_loops_ring, shapermc_ecumenical_altar_rom_forum, uniq_grinder
D:4:      layout_cave_pods, kennysheep_windowed_goal
D:5:      layout_loops_cross, minmay_temple_entry_trees, serial_shops,
          nicolae_inconvenience_store, shop_fountains,
          nicolae_shop_behind_doors, nicolae_square_shop,
          nicolae_shop_statue_plus, minmay_manual_monstrance, uniq_sigmund
D:6:      layout_rooms, mainiacjoe_overflow_tiny_flanked, serial_shops, shop,
          chequers_serial_rivers_small_a, nicolae_zen_rock_garden,
          grunt_ministairs_2
D:7:      layout_gridville
D:8:      layout_basic, lair_entry_dummy, enter_ossuary_4,
          serial_nicolae_subway, nicolae_sub_station_metal,
          nicolae_sub_station_stone, nicolae_sub_station_crystal
D:9:      layout_long_grid, nicolae_shop_gadgets
D:10:     layout_long_grid, kennysheep_generic_room_14, uniq_sonja
D:11:     layout_roguey, erik_orc_4, gammafunk_ghost_spectres,
          item_on_display_a, uniq_urug

Skill      XL: |  1  2  3  4  5  6  7  8  9 10 11 |
---------------+----------------------------------+-----
Conjurations   | 1 2 3 4 5 6 7 9 |  9.6
Spellcasting   | 2 3 4 5 6 7 8 9 |  9.0
Fire Magic     | 3 4 5 7 8 9 10 | 10.0
Dodging        | |  1.7
Stealth        | |  1.7

Action                   |  1- 3 |  4- 6 |  7- 9 | 10-12 || total
-------------------------+-------+-------+-------+-------++-------
Melee: Unarmed           |     7 |       |       |       ||     7
       Long sword        |       |     9 |    44 |    14 ||    67
 Cast: Foxfire           |    78 |   118 |   209 |   136 ||   541
       Scorch            |    12 |    26 |   105 |    58 ||   201
       Conjure Flame     |       |       |     7 |     7 ||    14
       Flame Wave        |       |       |     6 |     6 ||    12
       Inner Flame       |       |       |     1 |     7 ||     8
Evoke: Wand              |       |       |     2 |     1 ||     3
  Use: Scroll            |     3 |    10 |     8 |     7 ||    28
       Potion            |       |       |     5 |       ||     5
 Stab: Sleeping          |       |       |     2 |       ||     2
Armor: Robe              |     3 |     6 |   106 |    17 ||   132
Dodge: Dodged            |    19 |    26 |   196 |    35 ||   276
Block: Buckler           |       |       |    89 |    43 ||   132
       Reflection        |       |       |       |     3 ||     3

Table legend: (Time is in decaauts)
 A = Elapsed time spent in this place.
 B = Non-inter-level travel time spent in this place.
 C = Inter-level travel time spent in this place.
 D = Time resting spent in this place.
 E = Time spent auto-exploring this place.
 F = Levels seen in this place.
 G = Mean time per level.
                   A        B        C        D        E       F      G
               +--------+--------+--------+--------+--------+-----+--------+
         Total |  17624 |  16848 |    776 |   2937 |  11250 |  12 | 1468.7 |
       Dungeon |  16645 |  15869 |    776 |   2741 |  10717 |  11 | 1513.2 |
       Ossuary |    978 |    978 |      0 |    196 |    532 |   1 |  978.0 |
               +--------+--------+--------+--------+--------+-----+--------+

Top non-repeatable levels by time:
     D:4: 2065 daAuts
     D:5: 1871 daAuts
     D:2: 1682 daAuts
     D:8: 1659 daAuts
     D:1: 1626 daAuts
     D:6: 1537 daAuts
    D:10: 1429 daAuts
     D:3: 1409 daAuts
     D:7: 1349 daAuts
     D:9: 1076 daAuts
 Ossuary: 978 daAuts
    D:11: 937 daAuts
